 Dungeon Crawl Stone Soup version 0.30-a0-652-gcc886f7154 (webtiles) character file.

Game seed: 8583874027253257945

120 Dittersdorf the Shield-Bearer (level 5, 0/33 HPs)
             Began as a Gargoyle Fighter on Jan 17, 2023.
             Slain by an iguana (11 damage)
             ... on level 3 of the Dungeon.
             The game lasted 00:01:47 (1401 turns).

Dittersdorf the Shield-Bearer (Gargoyle Fighter)    Turns: 1401, Time: 00:01:47

Health: 0/33       AC: 13    Str: 22    XL:     5   Next: 4%
Magic:  5/5        EV:  7    Int:  8    God:
Gold:   120        SH:  5    Dex: 15    Spells: 4/4 levels left

rFire   . . .      SeeInvis .    a - +0 flail
rCold   . . .      Faith    .    c - +0 buckler
rNeg    + . .      Spirit   .    e - +0 chain mail
rPois   ∞          Reflect  .    (no helmet)
rElec   +          Harm     .    (no cloak)
rCorr   .          Rampage  .    (no gloves)
Will    .....                    (no boots) Stlth
                                 j - amulet of magic regeneration
HPRegen 0.25/turn                f - +6 ring of dexterity
MPRegen 0.49/turn                (no ring)

@: no status effects
A: sickness immunity, AC +4, negative energy resistance 1, electricity
resistance, torment resistance 1, petrification resistance
a: no special abilities


You were on level 3 of the Dungeon.
You visited 1 branch of the dungeon, and saw 3 of its levels.

You collected 120 gold pieces.

Inventory:

Hand Weapons
 a - a +0 flail (weapon)
Armour
 c - a +0 buckler (worn)
 e - a +0 chain mail (worn)
Jewellery
 f - a +6 ring of dexterity (left hand)
 i - a ring of ice
 j - an amulet of magic regeneration (around neck)
Wands
 r - a wand of roots (9)
Scrolls
 g - 2 scrolls of magic mapping {unknown}
 h - a scroll of amnesia {unknown}
 l - 2 scrolls of identify {unknown}
 m - a scroll of silence {unknown}
 n - a scroll of fog {unknown}
 o - a scroll of butterflies {unknown}
 s - a scroll of noise {unknown}
Potions
 b - a potion of haste {unknown}
 d - a potion of might
 k - a potion of flight {unknown}
 p - a potion of magic {unknown}
 q - a potion of lignification {unknown}


   Skills:
 + Level 4.1 Fighting
 + Level 3.0 Maces & Flails
 + Level 4.1 Armour
 + Level 4.1 Shields


You had 4 spell levels left.
You didn't know any spells.
Your spell library was empty.

Dungeon Overview and Level Annotations

Branches:
Dungeon (3/15)

Altars:

Shops:
D:2 ?


Innate Abilities, Weirdness & Mutations

You are immune to sickness and miasma.
Your stone body is resilient. (AC +4)
You are immune to poison.
You resist negative energy. (rN+)
You are resistant to electric shocks. (rElec)
You are resistant to unholy torment.
You are immune to petrification.


Message History

You barely miss the iguana. You block the adder's attack. The iguana bites you.
The adder bites you but does no damage. You block the iguana's attack.
You closely miss the iguana. The adder bites you but does no damage.
The iguana bites you!
* * * LOW HITPOINT WARNING * * *
The adder bites you but does no damage.
You are too injured to fight recklessly!
You are too injured to fight recklessly!
You are too injured to fight recklessly!
You are too injured to fight recklessly!
You are too injured to fight recklessly!
You are too injured to fight recklessly!
You are too injured to fight recklessly!
You are too injured to fight recklessly!
You are too injured to fight recklessly!
You are too injured to fight recklessly!
You are too injured to fight recklessly!
You are too injured to fight recklessly!
You are too injured to fight recklessly!
You are too injured to fight recklessly!
The iguana bites you.
* * * LOW HITPOINT WARNING * * *
The adder attacks as you move away! The adder bites you but does no damage.
The adder bites you but does no damage.
You hit the adder but do no damage. The adder barely misses you.
You miss the adder.
The adder bites you but does no damage. x2
You sock the adder!
You kill the adder!
The iguana closely misses you.
You have reached level 5!
You hit the iguana.
The iguana is lightly wounded.
The iguana closely misses you.
You hit the iguana but do no damage.
The iguana is lightly wounded.
The iguana closely misses you.
You hit the iguana.
The iguana is moderately wounded.
The iguana bites you!
You die...

#.#.###.# #.### #.#
#### ## ### #.# #.#
....##. ..# #.# #.#
#..$.$. #.# #.# #.#
#.....>### #.# #.#
#.# #........###.#
#.# #.#
..<.......##.######.#
#†#
..........l@........#
#.#
.....#....########.##
#.# ### #[#### ###
#.## #. #... .. ####
..8 .#.. .#..8


You could see an iguana.

Vanquished Creatures
  Natasha (D:3)
  4 adders
  A worm (D:2)
  A dart slug (D:1)
  3 bats (D:1)
  7 endoplasms
  2 giant cockroaches
  4 goblins
  4 hobgoblins (D:1)
  4 jackals (D:1)
  7 kobolds
  3 quokkas
  2 ball pythons
  A frilled lizard (D:1)
  7 rats
51 creatures vanquished.

Notes
Turn   | Place    | Note
-------+----------+-------------------------------------------
     0 | D:1      | Dittersdorf the Gargoyle Fighter began the quest for the
                  | Orb.
     0 | D:1      | Reached XP level 1. HP: 14/14 MP: 1/1
    97 | D:1      | Reached XP level 2. HP: 7/19 MP: 2/2
   331 | D:1      | Reached XP level 3. HP: 14/23 MP: 3/3
   762 | D:2      | Reached XP level 4. HP: 25/29 MP: 4/4
   813 | D:2      | Found a faded altar of an unknown god.
   887 | D:2      | Found Huvuson's Magic Scroll Emporium.
  1297 | D:3      | Noticed Natasha
  1308 | D:3      | Killed Natasha
  1399 | D:3      | Reached XP level 5. HP: 10/33 MP: 5/5
  1401 | D:3      | Slain by an iguana

Illustrated notes

Levels and vault maps discovered:
D:1:      saegor_arrival_simple_d, layout_basic, st_stairs_1
D:2:      layout_loops_ring, serial_shops, nicolae_square_shop,
          nicolae_ecumenical_oubliette
D:3:      wad_crossroads, layout_loops_ring, mainiacjoe_overflow_divided_tiny,
          uniq_natasha

Skill      XL: |  1  2  3  4 |
---------------+-------------+-----
Armour         | 4 |  4.1
Fighting       | 4 |  4.1
Shields        | 4 |  4.1
Maces & Flails | 3 |  3.0

Action                   |  1- 3 |  4- 6 || total
-------------------------+-------+-------++-------
Melee: Flail             |    93 |    54 ||   147
Armor: Chain mail        |    61 |    25 ||    86
Dodge: Dodged            |    36 |    19 ||    55
Block: Buckler           |    34 |    20 ||    54

Table legend: (Time is in decaauts)
 A = Elapsed time spent in this place.
 B = Non-inter-level travel time spent in this place.
 C = Inter-level travel time spent in this place.
 D = Time resting spent in this place.
 E = Time spent auto-exploring this place.
 F = Levels seen in this place.
 G = Mean time per level.
                   A        B        C        D        E       F      G
               +--------+--------+--------+--------+--------+-----+--------+
         Total |   1460 |   1406 |     54 |     46 |    991 |   3 |  486.7 |
       Dungeon |   1460 |   1406 |     54 |     46 |    991 |   3 |  486.7 |
               +--------+--------+--------+--------+--------+-----+--------+

Top non-repeatable levels by time:
     D:2: 676 daAuts
     D:1: 627 daAuts
     D:3: 156 daAuts
